 Dungeon Sprint DCSS version 0.30-a0-272-gf98c3da03f (webtiles) character file.

Game seed: 5230792495593940514

203092 rocky1 the Slayer (level 17, -16/146 HPs)
             Began as a Djinni Fire Elementalist on Oct 15, 2022.
             Was an Initiate of Gozag.
             Demolished by a rockslime (22 damage)
             ... created by the Royal Jelly
             ... while paralysed by a floating eye
             ... in the Dungeon (Sprint III: "The Ten Rune Challenge").
             The game lasted 01:25:35 (10942 turns).

rocky1 the Slayer (Djinni Fire Elementalist)       Turns: 10942, Time: 01:25:36

Health: -16/146    AC: 13    Str: 16    XL:     17   Next: 30%
Gold:   2809       EV:  2    Int: 21    God:    Gozag SH:  0 Dex: 24

rFire   + + +      SeeInvis .    b - +8 autumn katana {vorpal, manifold assault}
rCold   + + +      Faith    .    K - +2 tower shield {reflect}
rNeg    + + .      Spirit   .    E - +8 chain mail of Atwal {+Inv rF+ rC+ Dex+2}
rPois   ∞          Reflect  +    (no helmet)
rElec   +          Harm     .    (no cloak)
rCorr   +          Rampage  .    l - +1 pair of gloves of Activism {rF+ rC+ Str-4}
Will    +....      NoTele   +    (boots unavailable)
Stlth   +.........               t - amulet "Bykuag" {Reflect rN+ Regen+ SH+5}
HPRegen 1.24/turn                T - ring of Buulul {rC+ Str+7}
MPRegen 0.00/turn                w - ring of Dim Light {rF++ rN+ Str+6 Dex+4}

@: paralysed, mighty, resistant, corroded, gold aura, flying, hasted, studying 4
skills, invisible
A: sickness immunity, fire resistance 2, cold vulnerability 1, float, innate
caster, HP casting, extra vitality 1, mutation resistance 1
}: 5/10 runes: decaying, barnacled, silver, golden, demonic
a: Renounce Religion, Evoke Invisibility, Potion Petition, Call Merchant, Bribe
Branch


You were in the Dungeon.
You worshipped Gozag.
Gozag was most pleased with you.
You visited 1 branch You collected 27026 gold pieces.
You spent 10310 gold pieces at shops.
You paid 13907 gold pieces to Gozag.

Inventory:

Hand Weapons
 a - the +4 double sword of the Shrinking Ass {drain, rElec rN+ rCorr Dex+4}
   (You acquired it in the Dungeon)

   A truly terrible weapon, it drains the life of any living foe it strikes.
   Dex:       It affects your dexterity (+4).
   rElec:     It insulates you from electricity.
   rN:        It protects you from negative energy.
   rCorr:     It protects you from acid and corrosion.
 b - the +8 autumn katana (weapon) {vorpal, manifold assault}
   (You bought it in a shop in the Dungeon)

   It sometimes launches melee attacks against multiple visible enemies.
 I - a +4 scimitar of flaming
 Q - a +2 scimitar of holy wrath
Missiles
 v - 7 javelins
Armour
 l - the +1 pair of gloves of Activism (worn) {rF+ rC+ Str-4}
   (You acquired it in the Dungeon)

   Str:       It affects your strength (-4).
   rF:        It protects you from fire.
   rC:        It protects you from cold.
 o - the +1 helmet of Fasetid {Regen+}
   (You acquired it in the Dungeon)

   Regen:     It increases your rate of health regeneration.
 r - a +2 helmet of see invisible
 E - the +8 chain mail of Atwal (worn) {+Inv rF+ rC+ Dex+2}
   (You found it in the Dungeon)

   Dex:       It affects your dexterity (+2).
   rF:        It protects you from fire.
   rC:        It protects you from cold.
   +Inv:      It lets you turn invisible.
 K - a +2 tower shield of reflection (worn)
Jewellery
 t - the amulet "Bykuag" (around neck) {Reflect rN+ Regen+ SH+5}
   (You bought it in a shop in the Dungeon)

   [amulet of reflection]

   It reflects blocked missile attacks.
   rN:        It protects you from negative energy.
   Regen:     It increases your rate of health regeneration.
   SH:        It affects your SH (+5).
 w - the ring of Dim Light (right hand) {rF++ rN+ Str+6 Dex+4}
   (You bought it in a shop in the Dungeon)

   [ring of strength]

   Str:       It affects your strength (+6).
   Dex:       It affects your dexterity (+4).
   rF:        It greatly protects you from fire.
   rN:        It protects you from negative energy.
 T - the ring of Buulul (left hand) {rC+ Str+7}
   (You bought it in a shop in the Dungeon)

   [ring of protection from cold]

   Str:       It affects your strength (+7).
   rC:        It protects you from cold.
Wands
 f - a wand of quicksilver (8)
 p - a wand of charming (6)
 u - a wand of digging (2)
 J - a wand of iceblast (9)
 Y - a wand of mindburst (5)
Scrolls
 g - 2 scrolls of summoning
 h - 3 scrolls of poison
 i - 11 scrolls of identify
 j - 3 scrolls of torment
 n - 4 scrolls of fear
 x - a scroll of immolation
 z - 2 scrolls of butterflies
 M - a scroll of brand weapon
Potions
 e - 2 potions of berserk rage
 k - 3 potions of mutation
 m - a potion of might
 A - a potion of brilliance
 B - a potion of lignification
 D - a potion of ambrosia
 L - 10 potions of curing
Miscellaneous
 c - a tin of tremorstones (2/2)
 C - a lightning rod (4/4)
 U - a condenser vane


   Skills:
 + Level 21.1 Fighting
 + Level 20.9 Long Blades
 + Level 18.1 Armour
 + Level 19.8 Dodging
 + Level 8.0 Stealth
 + Level 20.7 Shields
 + Level 16.3 Spellcasting
 + Level 13.9 Evocations


You had 2 spell levels left.
You knew the following spells:

 Your Spells              Type           Power      Damage    Failure   Level
a - Foxfire               Conj/Fire      100%       2x1d9     1%          1
b - Scorch                Fire           100%       2d10      1%          2
c - Kindle Blastsparks    Fire/Tloc/Air  100%       2d18      1%          3
d - Inner Flame           Hex/Fire       72%        N/A       1%          3
e - Flame Wave            Conj/Fire      72%        2d16      1%          4
f - Sandblast             Erth           100%       2d20      1%          1
g - Momentum Strike       Conj/Tloc      100%       3d10      1%          2
h - Gell's Gravitas       Tloc           72%        N/A       1%          3
i - Fulminant Prism       Conj/Hex       36%        3d18      1%          4
j - Agony                 Necr           72%        N/A       1%          5
k - Lee's Rapid Deconstr  Erth           36%        3d19*     1%          5
l - Statue Form           Tmut/Erth      48%        N/A       8%          6
m - Spellforged Servitor  Conj/Summ      36%        N/A       38%         7
Your spell library was empty.

Dungeon Overview and Level Annotations

Branches:
Dungeon (1/1)

Altars:
Cheibriados
Dithmenos
Elyvilon
Fedhas
Gozag
Hepliaklqana
Makhleb
Nemelex Xobeh
Okawaru
Qazlal
Ru
Trog
Uskayaw
Wu Jian
Xom
Yredelemnul
Zin
The Shining One
Jiyva
Lugonu

Shops:
D ([?:[=[=?=(=!:(![([=(*

Annotations:
D Royal Jelly


Innate Abilities, Weirdness & Mutations

You are immune to sickness and miasma.
You are immune to poison.
Your flesh is very heat resistant. (rF++)
You are vulnerable to cold. (rC-)
You float through the air rather than walking.
You learn spells naturally, not from books.
Your magical power is your life essence.
You have superior vitality. (+4 MHP)
You are somewhat resistant to further mutation.


Message History

You slice the acid blob!!
Your hands burn!
* * * LOW HITPOINT WARNING * * *
The acid blob is severely wounded.
You block the acid blob's attack.
Unknown command.
You slash the acid blob!
Your hands burn!
* * * LOW HITPOINT WARNING * * *
The acid blob is severely wounded.
Unknown command.
You chop the acid blob into pieces!!!
You kill the acid blob!
That felt strangely unrewarding.
Unknown command.
Unknown command. [a] - 319 gold - curing, might and brilliance [b] - 540 gold - haste, lignification, might and resistance [c] - 240 gold - heal wounds and curing Purchase which effect?
You no longer have enough gold to bribe branches to halt enemies' attacks and recruit allies.
You feel much better.
You feel better.
An acid blob comes into view.
The acid blob hits you but does no damage.
The floating eye gazes piercingly through you!
You suddenly lose the ability to move!
The rockslime hits you.
You hold your ground!
The acid blob hits you!
* * * LOW HITPOINT WARNING * * *
The acid corrodes you!
You are splashed with acid.
You resist.
* * * LOW HITPOINT WARNING * * *
The rockslime hits you!!
* * * LOW HITPOINT WARNING * * *
You hold your ground!
The floating eye's view fixates on you.
The acid blob quivers.
The acid blob spits acid at you. The splash of acid hits you! You resist.
* * * LOW HITPOINT WARNING * * *
The rockslime hits you!!
You die...
Your body crumbles into a pile of gold.

▓..........÷......#___#_
▓▓▓▓▓▓▓▓▓▓▓▓▓▓▓▓▓▓▓▓▓▓▓▓
▓...+~≈§~≈~≈~~♣♣.....♣♣
▓..P#~~.§≈≈~.~♣♣.≈≈≈≈'♣
▓.PP#~~§§§.§~.~'.∩...#.
▓...#≈≈§§~§§§≈♣♣♣.♣.♣#.
▓...#≈~≈.§§~~~♣......##
▓##J####'#######.....♣♣
▓.JJJJ@JJ.=............
▓#G#############'......
▓..J#~.................
▓...+~~...########...♣♣
▓...#~~~...........♣♣♣♣
▓...#~~~~..........♣ ♣.
#'J############'#######
#.G.##### ▓...!.[..
#...GJ..### ▓≈≈......


You could see the Royal Jelly, 2 acid blobs, 2 rockslimes, 2 quicksilver oozes
and a floating eye (charged).

Vanquished Creatures
  Mennas (D)
  Sojobo (D)
  3 royal mummies (D)
  the Lernaean hydra (D)
  A golden dragon (D)
  Nellie (D)
  An Ice Fiend (D)
  2 liches (D)
  A titan (D)
  Rupert (D)
  A kraken (D)
  2 quicksilver dragons (D)
  A deep elf master archer (D)
  2 acid blobs (D)
  Frances (D)
  2 sphinxes (D)
  An Executioner (D)
  Gastronok (D)
  4 shadow dragons (D)
  Donald (D)
  A fire giant (D)
  6 azure jellies (D)
  A ghost moth (D)
  A stone giant (D)
  2 dire elephants (D)
  A deep elf annihilator (D)
  2 deep elf demonologists (D)
  Azrael (D)
  A deep elf death mage (D)
  An iron golem (D)
  3 yaktaur captains (D)
  10 mummy priests (D)
  A fire dragon (D)
  A deep elf high priest (D)
  16 vault guards (D)
  A hell beast (D)
  An ogre mage (D)
  3 hydras (D)
  Erica (D)
  3 centaur warriors (D)
  An alligator snapping turtle (D)
  3 death yaks (D)
  4 dancing weapons (D)
  Urug (D)
  4 hell knights (D)
  4 skeletal warriors (D)
  A spriggan druid (D)
  An anaconda zombie (D)
  A swamp dragon (D)
  A death drake (D)
  An obsidian statue (D)
  A lindwurm (D)
  3 deep elf zephyrmancers (D)
  An orc knight (D)
  An orange crystal statue (D)
  A spectral iron dragon (D)
  2 shining eyes (D)
  3 ugly things (D)
  4 deep elf pyromancers (D)
  4 crystal guardians (D)
  2 black mambas (D)
  An eye of devastation (shapeshifter) (D)
  A molten gargoyle (D)
  2 elephants (D)
  4 statues (D)
  A guardian serpent (shapeshifter) (D)
  2 cane toads (D)
  A rime drake (D)
  An unseen horror (D)
  2 yaktaurs (D)
  15 guardian mummies (D)
  A yaktaur (shapeshifter) (D)
  A komodo dragon (D)
  3 wandering mushrooms (D)
  A queen bee (D)
  4 spriggan defenders (D)
  2 tyrant leeches (D)
  8 blink frogs (D)
  2 orc high priests (D)
  A hornet (D)
  6 slime creatures (D)
  5 snapping turtles (D)
  A shadow (D)
  2 spriggans (D)
  3 redbacks (D)
  A swamp worm (shapeshifter) (D)
  A spatial vortex (D)
  A hydra simulacrum (D)
  2 floating eyes (D)
  An orc warrior (D)
  3 swamp drakes (D)
  2 black mamba simulacra (D)
  2 fire dragon simulacra (D)
  2 centaurs (D)
  An earth elemental (D)
  A necrophage (D)
  A water elemental (D)
  32 killer bees (D)
  An electric eel (D)
  4 orc priests (D)
  A jelly (D)
  Jessica (D)
  A wizard (D)
  2 necromancers (D)
  3 orc wizards (D)
  A kobold demonologist (D)
  3 humans (D)
  A wolf (D)
  11 orcs (D)
  An endoplasm (D)
  2 rats (D)
  3 ball lightnings (D)
  12 butterflies (D)
  4 tentacles (D)
301 creatures vanquished.

Vanquished Creatures (others)
  Chuck (D)
  A spark wasp (shapeshifter) (D)
  2 ball lightnings (D)
  3 ballistomycete spores (D)
  A bush (D)
  46 foxfires (D)
  3 fulminant prisms (D)
  2 fungi (D)
  57 plants (D)
  4 tentacles (D)
120 creatures vanquished.

Grand Total: 421 creatures vanquished

Notes
Turn   | Place    | Note
-------+----------+-------------------------------------------
     0 | D        | rocky1 the Djinni Fire Elementalist began the quest for the
                  | Orb.
     0 | D        | rocky1 set off with the following spells memorised:
                  | Foxfire, Scorch, Kindle Blastsparks, Inner Flame, Flame
                  | Wave.
     0 | D        | Reached XP level 1. HP: 15/15 MP: 0/0
    11 | D        | Reached skill level 1 in Fighting
    18 | D        | Noticed Jessica
    21 | D        | Killed Jessica
    22 | D        | Reached skill level 3 in Fighting
    22 | D        | Reached XP level 2. HP: 23/25 MP: 0/0
    22 | D        | Reached XP level 3. HP: 27/30 MP: 0/0
    22 | D        | Learned a level 1 spell: Sandblast
   190 | D        | Reached skill level 4 in Fighting
   190 | D        | Reached skill level 5 in Spellcasting
   190 | D        | Reached XP level 4. HP: 34/37 MP: 0/0
   241 | D        | Noticed a water elemental
   244 | D        | Killed a water elemental
   245 | D        | Reached skill level 5 in Fighting
   245 | D        | Reached XP level 5. HP: 37/43 MP: 0/0
   245 | D        | Learned a level 2 spell: Momentum Strike
   378 | D        | Noticed a shadow
   392 | D        | Killed a shadow
   393 | D        | Reached skill level 7 in Fighting
   393 | D        | Reached XP level 6. HP: 11/53 MP: 0/0
   555 | D        | Found a blossoming altar of Fedhas.
   555 | D        | Found a stormy altar of Qazlal.
   555 | D        | Found a snail-covered altar of Cheibriados.
   555 | D        | Found a burning altar of Makhleb.
   555 | D        | Found a shimmering altar of Xom.
   555 | D        | Noticed a spatial vortex
   558 | D        | Found a hazy altar of Hepliaklqana.
   558 | D        | Found an opulent altar of Gozag.
   558 | D        | Found a sparkling altar of Nemelex Xobeh.
   558 | D        | Found a corrupted altar of Lugonu.
   558 | D        | Found a viscous altar of Jiyva.
   565 | D        | Became a worshipper of Gozag Ym Sagoz the Greedy
   726 | D        | Found a glowing silver altar of Zin.
   726 | D        | Found a glowing golden altar of the Shining One.
   726 | D        | Found a white marble altar of Elyvilon.
   726 | D        | Noticed a deep elf pyromancer
   729 | D        | Killed a deep elf pyromancer
   730 | D        | Reached skill level 9 in Fighting
   730 | D        | Reached skill level 10 in Spellcasting
   730 | D        | Reached XP level 7. HP: 55/61 MP: 0/0
   730 | D        | Learned a level 3 spell: Gell's Gravitas
   752 | D        | Reached XP level 8. HP: 63/67 MP: 0/0
   753 | D        | Reached skill level 1 in Armour
   753 | D        | Reached skill level 1 in Evocations
   773 | D        | Found a basalt altar of Yredelemnul.
   773 | D        | Found a shadowy altar of Dithmenos.
   773 | D        | Found a sacrificial altar of Ru.
   776 | D        | Reached skill level 1 in Long Blades
   811 | D        | Found a hide-covered altar of Uskayaw.
   811 | D        | Found an iron altar of Okawaru.
   811 | D        | Found a bloodstained altar of Trog.
   811 | D        | Found an ornate altar of the Wu Jian Council.
   811 | D        | Noticed a human
   811 | D        | Noticed a human
   814 | D        | Killed a human
   816 | D        | Killed a human
   882 | D        | Noticed Erica
   888 | D        | Killed Erica
   889 | D        | Reached skill level 10 in Fighting
   889 | D        | Reached skill level 5 in Dodging
   889 | D        | Reached XP level 9. HP: 38/75 MP: 0/0
   889 | D        | Learned a level 4 spell: Fulminant Prism
  1229 | D        | Found Binowuts's Armour Emporium.
  1234 | D        | Noticed an orc knight
  1235 | D        | Reached skill level 5 in Armour
  1235 | D        | Reached skill level 5 in Evocations
  1249 | D        | Killed an orc knight
  1250 | D        | Reached skill level 11 in Fighting
  1250 | D        | Reached skill level 5 in Long Blades
  1610 | D        | Bought a +4 ring mail of fire resistance for 372 gold
                  | pieces
  1610 | D        | Bought a +2 helmet of see invisible for 258 gold pieces
  1748 | D        | Noticed a centaur warrior
  1760 | D        | Killed a centaur warrior
  1761 | D        | Reached XP level 10. HP: 49/84 MP: 0/0
  1983 | D        | Noticed an unseen horror
  1986 | D        | Killed an unseen horror
  2023 | D        | Reached skill level 10 in Long Blades
  2144 | D        | Bought a +6 ring of intelligence for 504 gold pieces
  2144 | D        | Bought the amulet "Bykuag" {Reflect rN+ Regen+ SH+5} for
                  | 576 gold pieces
  2288 | D        | Reached XP level 11. HP: 89/89 MP: 0/0
  2288 | D        | Learned a level 5 spell: Agony
  2500 | D        | Reached skill level 12 in Fighting
  2682 | D        | Reached skill level 13 in Fighting
  2709 | D        | Noticed a lindwurm
  2715 | D        | Killed a lindwurm
  2748 | D        | Noticed Urug
  2755 | D        | Killed Urug
  2801 | D        | Noticed a four-headed hydra
  2801 | D        | Noticed a four-headed hydra
  2812 | D        | Killed a one-headed hydra
  2820 | D        | Killed a one-headed hydra
  2821 | D        | Reached XP level 12. HP: 57/99 MP: 0/0
  2973 | D        | Noticed a death drake
  2983 | D        | Killed a death drake
  2984 | D        | Reached skill level 14 in Fighting
  3041 | D        | Found Levut's Jewellery Emporium.
  3041 | D        | Found Guuxuror's Magic Scroll Shop.
  3041 | D        | Found Jeosadia's Antique Armour Shoppe.
  3044 | D        | Noticed a swamp dragon
  3053 | D        | Reached skill level 15 in Long Blades
  3063 | D        | Killed a swamp dragon
  3081 | D        | Bought the ring of Dim Light {rF++ rN+ Str+6 Dex+4} for
                  | 1023 gold pieces
  3083 | D        | Bought a scroll of immolation for 40 gold pieces
  3083 | D        | Bought a scroll of summoning for 95 gold pieces
  3083 | D        | Bought a scroll of blinking for 75 gold pieces
  3083 | D        | Bought a scroll of identify for 20 gold pieces
  3083 | D        | Bought a scroll of butterflies for 40 gold pieces
  3083 | D        | Bought a scroll of identify for 20 gold pieces
  3083 | D        | Bought a scroll of identify for 20 gold pieces
  3083 | D        | Bought a scroll of torment for 95 gold pieces
  3084 | D        | Bought a runed chain mail for 240 gold pieces
  3084 | D        | Bought a runed ring mail for 224 gold pieces
  3206 | D        | Noticed an eight-headed hydra
  3206 | D        | Noticed the 27-headed Lernaean hydra
  3462 | D        | Identified the +8 chain mail of Atwal {+Inv rF+ rC+ Dex+2}
  3518 | D        | Found a blossoming altar of Fedhas.
  3526 | D        | Noticed a spriggan druid
  3534 | D        | Killed a spriggan druid
  3798 | D        | Bought a runed double sword for 720 gold pieces
  3811 | D        | Noticed Rupert
  3832 | D        | Killed Rupert
  3833 | D        | Reached skill level 10 in Dodging
  3833 | D        | Reached skill level 5 in Stealth
  3908 | D        | Noticed a death yak
  3909 | D        | Noticed a death yak
  3909 | D        | Noticed a death yak
  3915 | D        | Killed a death yak
  3922 | D        | Killed a death yak
  3928 | D        | Killed a death yak
  3989 | D        | Noticed an azure jelly
  3989 | D        | Noticed an azure jelly
  4027 | D        | Noticed a kraken
  4055 | D        | Killed a kraken
  4056 | D        | Reached skill level 15 in Fighting
  4166 | D        | Noticed an alligator snapping turtle
  4205 | D        | Noticed an azure jelly
  4205 | D        | Noticed an azure jelly
  4206 | D        | Noticed a dire elephant
  4206 | D        | Noticed a dire elephant
  4206 | D        | Noticed Gastronok
  4218 | D        | Killed a dire elephant
  4219 | D        | Reached skill level 10 in Armour
  4219 | D        | Reached skill level 10 in Evocations
  4219 | D        | Reached XP level 13. HP: 64/107 MP: 0/0
  4219 | D        | Learned a level 5 spell: Lee's Rapid Deconstruction
  4224 | D        | Killed a dire elephant
  4237 | D        | Killed Gastronok
  4453 | D        | Killed an alligator snapping turtle
  4517 | D        | Found Biurgh's Antique Armour Shoppe.
  4517 | D        | Found Vit Canece's Magic Scroll Boutique.
  4517 | D        | Found Udwugin's Book Shop.
  4568 | D        | Got a barnacled rune of Zot
  4570 | D        | Bought a scroll of poison for 56 gold pieces
  4570 | D        | Bought a scroll of magic mapping for 105 gold pieces
  4570 | D        | Bought a scroll of poison for 56 gold pieces
  4570 | D        | Bought a scroll of blinking for 105 gold pieces
  4578 | D        | Bought a buckler for 121 gold pieces
  4578 | D        | Bought a bloodstained scale mail for 243 gold pieces
  4578 | D        | Identified the +1 scale mail "Mixyhavo" {rF++ rC+ Str-5}
                  | (You bought it in a shop in the Dungeon)
  4648 | D        | Noticed Donald
  4648 | D        | Noticed Frances
  4657 | D        | Killed Frances
  4663 | D        | Killed Donald
  4739 | D        | Noticed a ghost moth
  4740 | D        | Noticed a yaktaur captain
  4750 | D        | Killed a ghost moth
  4833 | D        | Noticed a yaktaur captain
  4938 | D        | Reached skill level 1 in Shields
  5078 | D        | Reached skill level 5 in Shields
  5141 | D        | Found Liforpha's Book Emporium.
  5141 | D        | Found Yttom's Antique Weapon Shop.
  5141 | D        | Found Plog's Jewellery Boutique.
  5141 | D        | Found Nonkaiv's Armour Shoppe.
  5141 | D        | Found Naphy's Distillery.
  5141 | D        | Found Idosm's Weapon Shoppe.
  5141 | D        | Found Onurhi's Antique Weapon Shop.
  5141 | D        | Found Jirghaeg's Jewellery Shop.
  5141 | D        | Found Ciraher's Antique Armour Emporium.
  5141 | D        | Found Geetwaf's Magic Scroll Emporium.
  5141 | D        | Found Femoyreo's Distillery.
  5175 | D        | Bought a potion of berserk rage for 50 gold pieces
  5175 | D        | Bought a potion of might for 40 gold pieces
  5175 | D        | Bought a potion of invisibility for 80 gold pieces
  5175 | D        | Bought a potion of brilliance for 40 gold pieces
  5175 | D        | Bought a potion of lignification for 30 gold pieces
  5175 | D        | Bought a potion of heal wounds for 50 gold pieces
  5175 | D        | Bought a potion of curing for 30 gold pieces
  5179 | D        | Bought a runed great sword for 237 gold pieces
  5187 | D        | Bought a potion of haste for 130 gold pieces
  5187 | D        | Bought a potion of heal wounds for 65 gold pieces
  5187 | D        | Bought 2 potions of curing for 78 gold pieces
  5187 | D        | Bought a potion of might for 52 gold pieces
  5187 | D        | Bought a potion of curing for 39 gold pieces
  5187 | D        | Bought a potion of invisibility for 104 gold pieces
  5187 | D        | Bought a potion of curing for 39 gold pieces
  5190 | D        | Bought a scroll of fear for 56 gold pieces
  5190 | D        | Bought a scroll of enchant weapon for 105 gold pieces
  5190 | D        | Bought a scroll of blinking for 105 gold pieces
  5190 | D        | Bought 2 scrolls of enchant armour for 210 gold pieces
  5190 | D        | Bought a scroll of brand weapon for 133 gold pieces
  5346 | D        | Reached XP level 14. HP: 97/114 MP: 0/0
  5374 | D        | Noticed a deep elf blademaster
  5668 | D        | Reached skill level 10 in Shields
  5842 | D        | Noticed a broodmother
  5870 | D        | a tyrant leech changed into a spark wasp
  5870 | D        | Noticed a spark wasp (glowing shapeshifter)
  5874 | D        | Killed a spark wasp
  5943 | D        | Noticed an iron golem
  6070 | D        | Reached skill level 15 in Shields
  6093 | D        | Noticed Azrael
  6099 | D        | Killed Azrael
  6237 | D        | Killed the 20-headed Lernaean hydra
  6248 | D        | Got a decaying rune of Zot
  6523 | D        | Noticed Mennas
  6559 | D        | Killed Mennas
  6560 | D        | Reached skill level 16 in Fighting
  6619 | D        | Acquired 690 gold pieces
  6623 | D        | Acquired the +4 double sword of the Shrinking Ass {drain,
                  | rElec rN+ rCorr Dex+4}
  6703 | D        | Noticed Chuck
  6706 | D        | Killed Chuck
  6728 | D        | Identified the +6 dagger "Falumyo" {spect, +Blink Fly
                  | Stlth-}
  6757 | D        | Noticed Sojobo
  6786 | D        | Paralysed by an air elemental for 1 turns
  6791 | D        | Paralysed by an air elemental for 1 turns
  6797 | D        | Paralysed by an air elemental for 1 turns
  6802 | D        | Paralysed by an air elemental for 1 turns
  6812 | D        | Paralysed by an air elemental for 1 turns
  6829 | D        | Paralysed by an air elemental for 1 turns
  6835 | D        | Killed Sojobo
  7034 | D        | Noticed a lich
  7045 | D        | Killed a lich
  7046 | D        | Reached XP level 15. HP: 122/122 MP: 0/0
  7046 | D        | Learned a level 6 spell: Statue Form
  7115 | D        | Noticed a shadow dragon
  7115 | D        | Noticed a shadow dragon
  7116 | D        | Paralysed by an ogre mage for 5 turns
  7139 | D        | Killed a shadow dragon
  7162 | D        | Killed a shadow dragon
  7308 | D        | Noticed a golden dragon
  7308 | D        | Noticed a titan
  7308 | D        | Noticed a shadow dragon
  7308 | D        | Noticed a stone giant
  7308 | D        | Noticed a fire giant
  7308 | D        | Noticed a quicksilver dragon
  7308 | D        | Noticed a shadow dragon
  7369 | D        | Reached skill level 17 in Fighting
  7411 | D        | Killed a shadow dragon
  7439 | D        | Killed a fire giant
  7457 | D        | Killed a shadow dragon
  7463 | D        | Killed a stone giant
  7583 | D        | Reached skill level 15 in Dodging
  7607 | D        | Killed a titan
  7644 | D        | Killed a golden dragon
  7656 | D        | Identified the +11 dagger of Terra Nullius {vorpal, rCorr
                  | Str-5 Int+2 Dex+6}
  7661 | D        | Killed a quicksilver dragon
  7662 | D        | Reached skill level 18 in Fighting
  7697 | D        | Noticed a quicksilver dragon
  7713 | D        | Killed a quicksilver dragon
  7865 | D        | Reached skill level 15 in Armour
  7976 | D        | Got a silver rune of Zot
  8137 | D        | Reached XP level 16. HP: 69/134 MP: 0/0
  8302 | D        | Bought the ring of Buulul {rC+ Str+7} for 700 gold pieces
  8355 | D        | Noticed a lich
  8365 | D        | Killed a lich
  8366 | D        | Reached skill level 19 in Fighting
  8375 | D        | Identified the +6 sling of the Pyrrhic Victory {vorpal, rC-
                  | rN++ Str+3 Dex-3}
  8410 | D        | Noticed a sphinx
  8410 | D        | Noticed a sphinx
  8420 | D        | Paralysed by a sphinx for 3 turns
  8425 | D        | Killed a sphinx
  8432 | D        | Killed a sphinx
  8504 | D        | Noticed an Ice Fiend
  8504 | D        | Noticed a royal mummy
  8505 | D        | Noticed an emperor scorpion
  8505 | D        | Noticed an emperor scorpion
  8505 | D        | Noticed an emperor scorpion
  8505 | D        | Noticed an emperor scorpion
  8565 | D        | Bought the +8 autumn katana {vorpal, manifold assault} for
                  | 1414 gold pieces
  8565 | D        | Found the +8 autumn katana {vorpal, manifold assault}
  8608 | D        | Killed an Ice Fiend
  8631 | D        | Killed a royal mummy
  8632 | D        | Reached skill level 15 in Spellcasting
  9040 | D        | Bought a condenser vane for 1200 gold pieces
  9040 | D        | Bought a scroll of blinking for 225 gold pieces
  9040 | D        | Bought a potion of curing for 90 gold pieces
  9392 | D        | Noticed a royal mummy
  9396 | D        | Noticed an emperor scorpion
  9411 | D        | Killed a royal mummy
  9412 | D        | Reached skill level 20 in Fighting
  9412 | D        | Identified the +8 whip "Murmur" {flame, *Rage Str+8} (You
                  | took it off a mummy priest in the Dungeon)
  9412 | D        | Noticed a royal mummy
  9413 | D        | HP: 3/137 [something (18)]
  9425 | D        | Killed a royal mummy
  9528 | D        | Got a golden rune of Zot
  9611 | D        | Noticed an Executioner
  9617 | D        | Killed an Executioner
 10247 | D        | Noticed Nellie
 10277 | D        | Killed Nellie
 10288 | D        | Got a demonic rune of Zot
 10375 | D        | Reached XP level 17. HP: 142/145 MP: 0/0
 10375 | D        | Learned a level 7 spell: Spellforged Servitor
 10379 | D        | Noticed a deep elf master archer
 10381 | D        | Killed a deep elf master archer
 10385 | D        | Killed a ghostly deep elf master archer
 10393 | D        | Noticed a Hell Sentinel
 10457 | D        | Found the ring of the Hare {EV+8}
 10489 | D        | Identified the +1 robe "Juneus" {Int+4}
 10647 | D        | Acquired the +1 helmet of Fasetid {Regen+}
 10649 | D        | Acquired 808 gold pieces
 10651 | D        | Acquired a manual of Stealth
 10653 | D        | Acquired 596 gold pieces
 10655 | D        | Acquired a manual of Long Blades
 10657 | D        | Acquired the +1 pair of gloves of Activism {rF+ rC+ Str-4}
 10825 | D        | Paralysed by a floating eye for 4 turns
 10845 | D        | Reached skill level 21 in Fighting
 10880 | D        | Gained mutation: You occasionally lose the ability to drink
                  | potions when taking damage. [a shining eye]
 10897 | D        | Lost mutation: You occasionally lose the ability to drink
                  | potions when taking damage. [potion of mutation]
 10897 | D        | Gained mutation: Armour fits poorly on your strangely
                  | shaped body. [potion of mutation]
 10897 | D        | Gained mutation: You have a pair of small horns on your
                  | head. [potion of mutation]
 10898 | D        | Lost mutation: You have a pair of small horns on your head.
                  | [potion of mutation]
 10898 | D        | Lost mutation: Armour fits poorly on your strangely shaped
                  | body. [potion of mutation]
 10898 | D        | Gained mutation: You are somewhat resistant to further
                  | mutation. [potion of mutation]
 10906 | D        | Found a viscous altar of Jiyva.
 10906 | D        | Noticed the Royal Jelly
 10908 | D        | Noticed an acid blob
 10910 | D        | Paralysed by a floating eye for 4 turns
 10924 | D        | Noticed an acid blob
 10925 | D        | Noticed an acid blob
 10933 | D        | Noticed an acid blob
 10936 | D        | Killed an acid blob
 10939 | D        | Killed an acid blob
 10940 | D        | Noticed an acid blob
 10940 | D        | Paralysed by a floating eye for 4 turns
 10942 | D        | HP: 6/146 [acid blob/splash of acid[the Royal Jelly] (8)]
 10942 | D        | Demolished by a rockslime

Illustrated notes

Levels and vault maps discovered:
D:        dungeon_sprint_mu [sprint_mu_entry_forest, sprint_mu_temple_rooms,
          sprint_mu_d1_horrors, sprint_mu_d2_genie, sprint_mu_d3_branching,
          sprint_mu_orc_legion, sprint_mu_elf_gauntlet, sprint_mu_hive_nellie,
          sprint_mu_lair_fedhas, sprint_mu_vaults_butterflies,
          sprint_mu_slime_circle, sprint_mu_swamp_cave, sprint_mu_shoals_kraken,
          sprint_mu_blade_basic, sprint_mu_crypt_fortress,
          sprint_mu_tomb_spiral, sprint_mu_vestibule_basic,
          sprint_mu_gehenna_hellfire, sprint_mu_dis_giant,
          sprint_mu_tartarus_statrot, sprint_mu_cocytus_islands, sprint_mu_zot1]

Skill      XL: |  1  2  3  4  5  6  7  8  9 10 11 12 13 14 15 16 17 |
---------------+----------------------------------------------------+-----
Fighting       | 3 4 5 7 9 10 11 13 15 16 18 20 21 | 21.1
Spellcasting   | 4 5 6 8 10 11 14 15 16 | 16.3
Armour         | 4 7 8 10 12 15 17 18 | 18.1
Evocations     | 4 7 8 10 12 13 | 13.9
Long Blades    | 4 6 11 14 15 16 17 18 20 | 20.9
Dodging        | 5 8 9 11 13 16 19 | 19.8
Stealth        | 3 6 8 |  8.0
Shields        | 8 16 18 20 | 20.7

Action                   |  1- 3 |  4- 6 |  7- 9 | 10-12 | 13-15 | 16-18 || total
-------------------------+-------+-------+-------+-------+-------+-------++-------
Melee: Unarmed           |       |     2 |       |       |       |       ||     2
       Scimitar          |       |       |    24 |   103 |    44 |    57 ||   228
       Punch             |       |       |     2 |     4 |     4 |       ||    10
       Double sword      |       |       |       |    49 |   724 |    82 ||   855
       Katana            |       |       |       |       |       |   215 ||   215
 Cast: Foxfire           |     8 |     2 |     5 |     5 |     7 |       ||    27
       Scorch            |     4 |    13 |    37 |    58 |    14 |       ||   126
       Flame Wave        |       |       |     3 |    11 |     6 |     2 ||    22
       Fulminant Prism   |       |       |     3 |       |       |       ||     3
       Kindle Blastspark |       |       |       |     1 |       |       ||     1
       Inner Flame       |       |       |       |     1 |       |       ||     1
       Lee's Rapid Decon |       |       |       |       |    26 |    19 ||    45
Invok: Call Merchant     |       |       |       |     2 |       |     3 ||     5
       Potion Petition   |       |       |       |     3 |    10 |     6 ||    19
Evoke: Tin of tremorston |       |       |       |       |     2 |     2 ||     4
       Wand              |       |       |       |       |       |     4 ||     4
       Condenser vane    |       |       |       |       |       |     1 ||     1
  Use: Potion            |       |     2 |     3 |       |     6 |     8 ||    19
       Scroll            |       |     1 |       |       |    17 |     9 ||    27
 Stab: Confused          |       |       |       |     3 |       |       ||     3
       Invisible         |       |       |       |     6 |    17 |       ||    23
       Distracted        |       |       |       |       |    11 |     3 ||    14
Armor: Robe              |     1 |       |       |       |       |       ||     1
       Ring mail         |       |       |     6 |    30 |       |       ||    36
       Chain mail        |       |       |       |    20 |   236 |    87 ||   343
       Skin              |       |       |       |       |     4 |       ||     4
Dodge: Dodged            |       |     4 |    14 |    72 |   176 |   107 ||   373
Block: Other             |       |       |       |    18 |    14 |       ||    32
       Reflection        |       |       |       |     1 |    13 |     7 ||    21
       Kite shield       |       |       |       |       |   512 |   241 ||   753
       Tower shield      |       |       |       |       |       |    68 ||    68

Table legend: (Time is in decaauts) A = Elapsed time spent in this place. B = Non-inter-level travel time spent in this place. C = Inter-level travel time spent in this place. D = Time resting spent in this place. E = Time spent auto-exploring this place. F = Levels seen in this place. G = Mean time per level. A B C D E F G +--------+--------+--------+--------+--------+-----+--------+ Total | 10608 | 10331 | 277 | 4602 | 7 | 1 | 10608.0 | Dungeon | 10608 | 10331 | 277 | 4602 | 7 | 1 | 10608.0 | +--------+--------+--------+--------+--------+-----+--------+

Top non-repeatable levels by time:
       D: 10608 daAuts
